[Event "*** Titled Tuesday Blitz"]
[Site "Chess.com"]
[Date "2021.03.09"]
[Round "1"]
[White "IsaacWiebe"]
[Black "Sashadav97"]
[Result "0-1"]
[WhiteElo "2288"]
[BlackElo "2590"]
[TimeControl "180+1"]
[EndTime "10:01:19 PST"]
[Termination "Sashadav97 won by resignation"]

1. d4 Nf6 2. c4 g6 3. Nc3 Bg7 4. Nf3 O-O 5. e4 d6 6. Be2 e5 7.
h3 exd4 8. Nxd4 Re8 9. Qc2 Nxe4 10. Nxe4 Bxd4 11. O-O Bf5 12. Bd3 Bxe4 13. Bxe4 Nc6 14. Bxc6 bxc6 15. Bd2 Qf6 16. Rab1 Re2 0-1

[Event "*** Titled Tuesday Blitz"]
[Site "Chess.com"]
[Date "2021.03.09"]
[Round "1"]
[White "kuban1991"]
[Black "profofchess"]
[Result "0-1"]
[WhiteElo "2953"]
[BlackElo "2492"]
[TimeControl "180+1"]
[EndTime "10:01:23 PST"]
[Termination "profofchess won by resignation"]

1. Nf3 Nc6 2. d4 d5 3. g3 Bg4 4.
Bg2 Nf6 5. O-O e6 6. Nbd2 Bd6 7. h3 Bh5 8. c4 O-O 9. b3 a5 10. a3 Ne4 11. Bb2 f5 0-1

[Event "*** Titled Tuesday Blitz"]
[Site "Chess.com"]
[Date "2021.03.09"]
[Round "1"]
[White "TeukkaSalama"]
[Black "Margency"]
[Result "0-1"]
[WhiteElo "2374"]
[BlackElo "2695"]
[TimeControl "180+1"]
[EndTime "10:01:26 PST"]
[Termination "Margency won by resignation"]

1. d4 Nf6 2. Nf3 g6 3. Bg5 Bg7 4. Nbd2 O-O 5. c3 d6 6. e4 h6 7. Bh4 c5 8. dxc5 dxc5 9. Bc4 Nc6 10. Qe2 Na5 11. Bd3 Nh5 12. Rd1 Nf4 13. Bxe7 Qxe7 14. Qe3 Nxg2+ 0-1

[Event "*** Titled Tuesday Blitz"]
[Site "Chess.com"]
[Date "2021.03.09"]
[Round "1"]
[White "Hongjin"]
[Black "jefferyx"]
[Result "0-1"]
[WhiteElo "2481"]
[BlackElo "3015"]
[TimeControl "180+1"]
[EndTime "10:01:55 PST"]
[Termination "jefferyx won by resignation"]

1. c4 g6 2. d4 Bg7 3. e4 d6 4.
Nc3 Nc6 5. Nf3 Bg4 6. d5 Nd4 7. Be2 Bxf3 8. Bxf3 c5 9. O-O Nf6 10. Be3 Nd7 11. Rc1 O-O 12. b3 a6 13. Be2 Qa5 14. Bxd4 cxd4 15. Na4 b5 16. cxb5 axb5 17. Nb2 Qxa2 18.
Bxb5 Nc5 19. Nd3 Nxe4 20. Nb4 Qa5 21. Nc6 Qxb5 22. Nxe7+ Kh8 0-1

[Event "*** Titled Tuesday Blitz"]
[Site "Chess.com"]
[Date "2021.03.09"]
[Round "1"]
[White "Rakesh"]
[Black "FredyMatsuura"]
[Result "1-0"]
[WhiteElo "2526"]
[BlackElo "2190"]
[TimeControl "180+1"]
[EndTime "10:02:03 PST"]
[Termination "Rakesh won by resignation"]

1. e4 c5 2. c3 e6 3. d4 d5 4.
exd5 exd5 5. Nf3 Nc6 6. Bd3 Bd6 7. dxc5 Bxc5 8. O-O Nge7 9. h3 O-O 10. Nbd2 Bf5 11. Nb3 Bd6 12. Bg5 Re8 13. Bxf5 f6 14. Be6+ 1-0

[Event "*** Titled Tuesday Blitz"]
[Site "Chess.com"]
[Date "2021.03.09"]
[Round "1"]
[White "Oglob71"]
[Black "MarcoRiehle"]
[Result "0-1"]
[WhiteElo "2375"]
[BlackElo "2701"]
[TimeControl "180+1"]
[EndTime "10:03:04 PST"]
[Termination "MarcoRiehle won by checkmate"]

1. d4 d5 2. Nf3 e6 3. c4 Nf6 4.
Qc2 a6 5. Bf4 Bd6 6. Bg5 dxc4 7.
e4 h6 8. Bxf6 Qxf6 9. Be2 b5 10.
Bf1 Bb7 11. Bxc4 bxc4 12. e5 Bb4+ 13. Ke2 Qf4 14. Qxc4 Nc6 15. Rd1 a5 16. Rd3 Qe4+ 17. Re3 Ba6 18. Rxe4 Bxc4+ 19. Ke3 Ne7 20. a3 Nd5# 0-1

[Event "*** Titled Tuesday Blitz"]
[Site "Chess.com"]
[Date "2021.03.09"]
[Round "1"]
[White "TigrVShlyape"]
[Black "ljuks68"]
[Result "1-0"]
[WhiteElo "2826"]
[BlackElo "2437"]
[TimeControl "180+1"]
[EndTime "10:03:18 PST"]
[Termination "TigrVShlyape won by resignation"]

1. d4 d5 2. Nf3 Nf6 3. Bf4 c5 4. e3 Nc6 5. Nbd2 Bf5 6. dxc5 e6 7. Nd4 Bg6 8. Bb5 Rc8 9. b4 Ne4 10. Nxe4 Bxe4 11. O-O Be7 12. Nxc6 bxc6 13. Ba6 O-O 14. Bxc8 Qxc8 15. Bd6 Bxd6 16. cxd6 Qd7 17. Qd2 Qxd6 18. c4 Bg6 19. cxd5 cxd5 20. Rac1 e5 21. Rfd1 Rd8 22. Qxd5 1-0

[Event "*** Titled Tuesday Blitz"]
[Site "Chess.com"]
[Date "2021.03.09"]
[Round "1"]
[White "ZiggyStardust64"]
[Black "ikhasu"]
[Result "0-1"]
[WhiteElo "2649"]
[BlackElo "2376"]
[TimeControl "180+1"]
[EndTime "10:03:25 PST"]
[Termination "ikhasu won by resignation"]

1. e4 e5 2. Nf3 Nf6 3. d4 Nxe4 4. Bd3 d5 5. Nxe5 Nd7 6. O-O Nxe5 7. dxe5 Be6 8. Bxe4 dxe4 9. Qe2 Qd5 10. Bf4 Bb4 11. a3 Ba5 12. b4 Bb6 13. Nc3 Qd4 14. Nxe4 Bc4 15. Nd6+ cxd6 16. exd6+ Bxe2 0-1

[Event "*** Titled Tuesday Blitz"]
[Site "Chess.com"]
[Date "2021.03.09"]
[Round "1"]
[White "ErikBlomqvist"]
[Black "szefru"]
[Result "1-0"]
[WhiteElo "2553"]
[BlackElo "2244"]
[TimeControl "180+1"]
[EndTime "10:03:30 PST"]
[Termination "ErikBlomqvist won by resignation"]

1. e4 Nc6 2. Nf3 g6 3. d4 Bg7 4. c3 d5 5. e5 Bg4 6. Nbd2 e6 7.
h3 Bxf3 8. Nxf3 Nge7 9. Bf4 h5 10. Qd2 Nf5 11. Bd3 Nce7 12. Bg5 Qd7 13. O-O a6 14. b4 O-O 15. g4 hxg4 16. hxg4 f6 17. exf6 Bxf6 18. gxf5 gxf5 19. Bxf6 Rxf6 20. Ne5 Qe8 21.
Qg5+ 1-0

[Event "*** Titled Tuesday Blitz"]
[Site "Chess.com"]
[Date "2021.03.09"]
[Round "1"]
[White "krzyzan94"]
[Black "Er_is_geen_hoop_meer"]
[Result "1-0"]
[WhiteElo "2727"]
[BlackElo "2396"]
[TimeControl "180+1"]
[EndTime "10:03:32 PST"]
[Termination "krzyzan94 won by resignation"]

1. c4 Nf6 2. g3 e6 3. Bg2 d5 4. Nf3 Be7 5. O-O O-O 6. d4 dxc4 7. Qc2 a6 8. Qxc4 b5 9. Qc2 Bb7 10. Nc3 Nc6 11. Rd1 Nb4 12. Qd2 c5 13. a3 Nbd5 14.
Nxd5 Bxd5 15. Qf4 cxd4 16. Nxd4 Bxg2 17. Kxg2 Qb6 18. Qf3 Rfd8 19. Be3 Bc5 20. Nc6 Rd5 21. Ne7+ 1-0

[Event "*** Titled Tuesday Blitz"]
[Site "Chess.com"]
[Date "2021.03.09"]
[Round "1"]
[White "Tooweak2slow03"]
[Black "Manukyan_Artak"]
[Result "1-0"]
[WhiteElo "2765"]
[BlackElo "2407"]
[TimeControl "180+1"]
[EndTime "10:03:35 PST"]
[Termination "Tooweak2slow03 won by resignation"]

1. e4 c6 2. Nc3 d5 3. Nf3 Bg4 4. h3 Bxf3 5. Qxf3 Nf6 6. d3 e5 7. Bg5 Bb4 8. exd5 cxd5 9. Bxf6 gxf6 10. O-O-O Bxc3 11. bxc3 Qa5 12. d4 Qxa2 13. Qxf6 O-O 14. Rd3 1-0

[Event "*** Titled Tuesday Blitz"]
[Site "Chess.com"]
[Date "2021.03.09"]
[Round "1"]
[White "anon481216"]
[Black "ailime26"]
[Result "1-0"]
[WhiteElo "2506"]
[BlackElo "2099"]
[TimeControl "180+1"]
[EndTime "10:03:40 PST"]
[Termination "anon481216 won by resignation"]

1. d4 d5 2. c4 e6 3. Nf3 Nf6 4. g3 Be7 5. Bg2 O-O 6. O-O b6 7. cxd5 Nxd5 8. e4 Nf6 9. Nc3 Bb7 10. Re1 Nbd7 11. Bf4 c5 12. d5 exd5 13. exd5 Re8 14.
Qd2 Nf8 15. d6 Bxd6 16. Qxd6 Qc8 17. Rxe8 Qxe8 18. Re1 Ne6 19. Ng5 Rd8 20. Qe5 Bxg2 21. Nxe6 Qc6 22. Nxd8 1-0

[Event "*** Titled Tuesday Blitz"]
[Site "Chess.com"]
[Date "2021.03.09"]
[Round "1"]
[White "mr65"]
[Black "szachuspl"]
[Result "0-1"]
[WhiteElo "2077"]
[BlackElo "2503"]
[TimeControl "180+1"]
[EndTime "10:03:50 PST"]
[Termination "szachuspl won by resignation"]

1. e4 c5 2. Nf3 e6 3. d4 cxd4 4. Nxd4 Nf6 5. Nc3 Nc6 6. Ndb5 Bb4 7. Bf4 O-O 8. a3 Bxc3+ 9. Nxc3 d5 10. exd5 exd5 11.
Bd3 Re8+ 12. Ne2 Ne4 13. O-O Qf6 14. Bc1 Nc5 15. c3 Nxd3 16. Qxd3 Bf5 17. Qf3 Ne5 18.
Qh5 Bg4 0-1

[Event "*** Titled Tuesday Blitz"]
[Site "Chess.com"]
[Date "2021.03.09"]
[Round "1"]
[White "elcandado"]
[Black "MagzyPotato"]
[Result "1-0"]
[WhiteElo "2661"]
[BlackElo "2355"]
[TimeControl "180+1"]
[EndTime "10:03:57 PST"]
[Termination "elcandado won by resignation"]

1. d4 Nf6 2. Bf4 c5 3. c3 Qb6 4.
Nd2 cxd4 5. Nc4 Qe6 6. cxd4 Nc6 7. e3 d5 8. Nd2 Qf5 9. Ngf3 Bd7 10. a3 h6 11. h3 g5 12. Be5 Bg7 13. Nb3 O-O 14. Bd3 Ne4 15. Bxg7 Kxg7 16. Nc5 b6 17. g4 1-0

[Event "*** Titled Tuesday Blitz"]
[Site "Chess.com"]
[Date "2021.03.09"]
[Round "1"]
[White "goldihouse"]
[Black "OlifantCZ"]
[Result "0-1"]
[WhiteElo "2551"]
[BlackElo "2280"]
[TimeControl "180+1"]
[EndTime "10:04:02 PST"]
[Termination "OlifantCZ won by resignation"]

1. c4 g6 2. g3 Bg7 3. Bg2 Nf6 4. Nc3 O-O 5. e4 d6 6. Nge2 c5 7. O-O Nc6 8. a3 a5 9. Rb1 Ne8 10. d3 Nc7 11. Nd5 e6 12. Nb6 Ra6 13. Qb3 Nd4 14. Nxd4 Bxd4 15. Bh6 Re8 16. Kh1 e5 17. Nxc8 Qxc8 18.
a4 b6 19. f4 exf4 20. Bxf4 Qd7 21. Rbe1 Ne6 22. Bh3 Qe7 23. Qb5 Nxf4 24. Qb3 Nxh3 25. Qb5 Raa8 26. Qa6 Rxa6 0-1

[Event "*** Titled Tuesday Blitz"]
[Site "Chess.com"]
[Date "2021.03.09"]
[Round "1"]
[White "NaciSAN"]
[Black "Artem_Sadovsky"]
[Result "0-1"]
[WhiteElo "2275"]
[BlackElo "2577"]
[TimeControl "180+1"]
[EndTime "10:04:07 PST"]
[Termination "Artem_Sadovsky won by resignation"]

1. e4 c6 2. d4 d5 3. Nc3 dxe4 4. Nxe4 Nf6 5. Nxf6+ exf6 6. c3 Bd6 7. Bd3 O-O 8. Qc2 Re8+ 9. Ne2 h5 10. O-O h4 11.
Bf4 h3 12. g3 Bg4 13. Bxd6 Qxd6 14. Nf4 g5 15. Bf5 Bxf5 16. Qxf5 gxf4 17. Qg4+ Kf8 18.
Rae1 Re6 19. Qxh3 Ke7 20. Qh8 f3 21. h4 a5 22. h5 Qd5 23. h6 Nd7 24. Qxa8 Qh5 25. Rxe6+ fxe6 26. Qxb7 Qh3 0-1

[Event "*** Titled Tuesday Blitz"]
[Site "Chess.com"]
[Date "2021.03.09"]
[Round "1"]
[White "InitiatingASC"]
[Black "vugarrasulov"]
[Result "0-1"]
[WhiteElo "2448"]
[BlackElo "2853"]
[TimeControl "180+1"]
[EndTime "10:04:14 PST"]
[Termination "vugarrasulov won by resignation"]

1. d4 Nf6 2. c4 e6 3. Nc3 Bb4 4. e3 O-O 5. Bd3 d5 6. Nf3 c5 7. O-O cxd4 8. exd4 dxc4 9. Bxc4 Bxc3 10. bxc3 Qc7 11. Qe2 Nbd7 12. Bb2 b6 13. Bd3 Bb7 14. c4 Rfe8 15. Rac1 Bxf3 16. Qxf3 e5 17. Qh3 e4 18. Bb1 Rac8 19. Rfd1 h6 20. Qf5 e3 21. fxe3 Rxe3 22.
d5 Rce8 23. Bd4 Re2 24. c5 bxc5 25. Rxc5 Nxc5 26. Bxf6 Re1+ 27. Kf2 Ne4+ 28. Kf3 Nxf6 0-1

[Event "*** Titled Tuesday Blitz"]
[Site "Chess.com"]
[Date "2021.03.09"]
[Round "1"]
[White "FGHSMN"]
[Black "Barbix1"]
[Result "0-1"]
[WhiteElo "2706"]
[BlackElo "2445"]
[TimeControl "180+1"]
[EndTime "10:04:15 PST"]
[Termination "Barbix1 won by resignation"]

1. e4 e5 2. f4 exf4 3. Nf3 Ne7 4. d4 d5 5. Qe2 dxe4 6. Qxe4 Bf5 7. Qxb7 Nd7 8. Bxf4 Rb8 9. Qxc7 Qxc7 10. Bxc7 Rxb2 11. c4 Bxb1 12. Be2 Bg6 13. d5 Nf5 14. Bd3 Bb4+ 15.
Kd1 Rxg2 16. Bxf5 Bxf5 17. Nd4 Rd2+ 18. Kc1 Rxd4 0-1

[Event "*** Titled Tuesday Blitz"]
[Site "Chess.com"]
[Date "2021.03.09"]
[Round "1"]
[White "gisela_roque"]
[Black "draksbg"]
[Result "0-1"]
[WhiteElo "1756"]
[BlackElo "2487"]
[TimeControl "180+1"]
[EndTime "10:04:17 PST"]
[Termination "draksbg won by resignation"]

1. c4 c5 2. Nc3 g6 3. Nf3 Nc6 4. g3 Bg7 5. Bg2 d6 6. a3 Nh6 7.
O-O Nf5 8. Rb1 O-O 9. b4 Qd7 10.
bxc5 dxc5 11. Ne4 b6 12. d3 Bb7 13. Bb2 Ncd4 14. Nxd4 Nxd4 15. e3 Nc6 16. Bxg7 Kxg7 17.
Qc2 Ne5 18. Rfd1 Bc6 19. Qc3 f6 20. d4 cxd4 21. exd4 Nf7 22. d5 Ba4 23. Re1 Rfe8 24. Ng5 Nxg5 0-1

[Event "*** Titled Tuesday Blitz"]
[Site "Chess.com"]
[Date "2021.03.09"]
[Round "1"]
[White "cukin84"]
[Black "Chigorinetz"]
[Result "0-1"]
[WhiteElo "2113"]
[BlackElo "2510"]
[TimeControl "180+1"]
[EndTime "10:04:19 PST"]
[Termination "Chigorinetz won by resignation"]

1. e4 c5 2. Nc3 g6 3. f4 Bg7 4.
Nf3 e6 5. g3 Ne7 6. Bg2 O-O 7.
O-O Nbc6 8. d3 d5 9. e5 Rb8 10.
a4 a6 11. Qe1 b5 12. axb5 axb5 13. b3 Bd7 14. h3 Qb6 15. Kh2 Ra8 16. Rxa8 Rxa8 17.
g4 Ra1 18. Qh4 Qd8 19. Nxb5 Nc8 20. Qg3 d4 21. Na3 Nb4 22. Ng5 Nb6 23. Ne4 Qc7 24.
Bb2 Rxf1 25. Bxf1 N6d5 26. Nc4 Nxc2 27. Ned6 Nce3 28. Nxe3 Nxe3 29. Bg2 Bc6 30. Be4 Bxe4 31. Nxe4 Nf1+ 0-1

[Event "*** Titled Tuesday Blitz"]
[Site "Chess.com"]
[Date "2021.03.09"]
[Round "1"]
[White "rynos0411"]
[Black "dretch"]
[Result "0-1"]
[WhiteElo "2443"]
[BlackElo "2841"]
[TimeControl "180+1"]
[EndTime "10:04:25 PST"]
[Termination "dretch won by resignation"]

1. d4 d5 2. c4 c6 3. Nc3 dxc4 4.
a4 e5 5. e3 exd4 6. exd4 Be6 7. Nf3 Nf6 8. Be3 Bb4 9. Nd2 Qa5 10. Qc1 O-O 11. Bxc4 Bxc4 12. Nxc4 Qd5 13. Nd2 Qxg2 14.
Ke2 Qg4+ 15. Nf3 Re8 16. Rg1 Qe6 17. Ne5 Nbd7 18. Nd3 Qc4 19. Na2 Qxc1 20. Naxc1 Bd6 21. Nb3 Bxh2 22. Rg2 Bc7 23. Rc1 Nd5 24. Nbc5 Nxc5 25. Nxc5 Nf4+ 0-1

[Event "*** Titled Tuesday Blitz"]
[Site "Chess.com"]
[Date "2021.03.09"]
[Round "1"]
[White "chessprincesa1"]
[Black "FloMaster111"]
[Result "1-0"]
[WhiteElo "2253"]
[BlackElo "2530"]
[TimeControl "180+1"]
[EndTime "10:04:26 PST"]
[Termination "chessprincesa1 won on time"]

1. d4 Nf6 2. c4 c5 3. d5 b5 4.
cxb5 a6 5. bxa6 Bxa6 6. Nc3 g6 7. e4 Bxf1 8. Kxf1 d6 9. g3 Bg7 10. Kg2 O-O 11. Nf3 Nbd7 12. a4 Ng4 13. Re1 Nge5 14. Nxe5 Nxe5 15. f4 Nd7 16. Ra3 Qa5 17.
Bd2 Rfb8 18. Nb5 Qd8 19. b3 1-0

[Event "*** Titled Tuesday Blitz"]
[Site "Chess.com"]
[Date "2021.03.09"]
[Round "1"]
[White "Love_craft"]
[Black "Ze-Pequeno"]
[Result "1-0"]
[WhiteElo "2557"]
[BlackElo "2251"]
[TimeControl "180+1"]
[EndTime "10:04:30 PST"]
[Termination "Love_craft won by resignation"]

1. Nf3 Nf6 2. g3 g6 3. Bg2 Bg7 4. d4 d5 5. O-O c6 6. Nbd2 O-O 7. b3 Bf5 8. Bb2 Ne4 9. Re1 Nxd2 10. Qxd2 Be4 11. Bh3 Bxf3 12. exf3 e6 13. c4 Nd7 14. c5 a5 15. a3 b6 16. b4 axb4 17.
axb4 bxc5 18. dxc5 Bxb2 19. Rxa8 Qxa8 20. Qxb2 Qb7 21.
Re2 Rb8 22. Rxe6 fxe6 23. Bxe6+ Kf8 24. Bxd7 Qxb4 25. Qf6+ 1-0

[Event "*** Titled Tuesday Blitz"]
[Site "Chess.com"]
[Date "2021.03.09"]
[Round "1"]
[White "Supernotar"]
[Black "noblerone"]
[Result "1-0"]
[WhiteElo "2746"]
[BlackElo "2402"]
[TimeControl "180+1"]
[EndTime "10:04:37 PST"]
[Termination "Supernotar won by resignation"]

1. d4 d5 2. c4 c6 3. e3 Nf6 4. Bd3 a6 5. Nd2 b5 6. b3 Bg4 7. Qc2 e6 8. Ngf3 Nbd7 9. Bb2 Rc8 10. O-O Be7 11. Rac1 O-O 12. Ne5 Bh5 13. cxd5 cxd5 14. Nc6 Qe8 15. Nxe7+ Qxe7 16. Qxc8 Rxc8 17. Rxc8+ Nf8 18.
Rfc1 Bg6 19. Bxg6 hxg6 20. Ra8 Qb4 21. Rcc8 Nd7 22. Nf1 f6 23. Rxa6 Kf7 24. Ba3 Qe1 25. Bxf8 Nxf8 26. Ra7+ Kg8 27. Raa8 1-0

[Event "*** Titled Tuesday Blitz"]
[Site "Chess.com"]
[Date "2021.03.09"]
[Round "1"]
[White "Romadk"]
[Black "Sven_Tica"]
[Result "1-0"]
[WhiteElo "2368"]
[BlackElo "2644"]
[TimeControl "180+1"]
[EndTime "10:04:39 PST"]
[Termination "Romadk won on time"]

1. d4 d5 2. Nf3 e6 3. g3 Nf6 4.
Bg2 Be7 5. O-O O-O 6. c4 dxc4 7. Qc2 b5 8. Nfd2 Nd5 9. a4 c6 10. b3 c3 11. Nxc3 Nb4 12. Qe4 f5 13. Qf3 Nc2 14. Ra2 1-0

[Event "*** Titled Tuesday Blitz"]
[Site "Chess.com"]
[Date "2021.03.09"]
[Round "1"]
[White "Savagelittlemole"]
[Black "tgpgoat"]
[Result "1-0"]
[WhiteElo "2519"]
[BlackElo "2167"]
[TimeControl "180+1"]
[EndTime "10:04:46 PST"]
[Termination "Savagelittlemole won by checkmate"]

1. e4 c5 2. Ne2 Nc6 3. g3 g6 4. Bg2 Bg7 5. O-O e6 6. c3 Nge7 7. d4 cxd4 8. cxd4 d5 9. e5 O-O 10. Nbc3 a6 11. Be3 b5 12. Rc1 Bb7 13. Qd2 Rc8 14. b3 Nf5 15. Bh3 Qb6 16. Bxf5 exf5 17. Nxd5 Qd8 18. Ndf4 Ne7 19. Rxc8 Qxc8 20. Rc1 Qd7 21.
Qb4 g5 22. Nh5 Qd5 23. Kf1 Qh1+ 24. Ng1 Nd5 25. Qd2 b4 26. Nxg7 Kxg7 27. Bxg5 Nc3 28. Bf6+ Kg8 29. Qg5# 1-0

[Event "*** Titled Tuesday Blitz"]
[Site "Chess.com"]
[Date "2021.03.09"]
[Round "1"]
[White "m_ezat"]
[Black "AungTZ"]
[Result "1-0"]
[WhiteElo "2529"]
[BlackElo "2200"]
[TimeControl "180+1"]
[EndTime "10:04:48 PST"]
[Termination "m_ezat won by resignation"]

1. d4 Nf6 2. Nf3 e6 3. e3 d5 4.
Bd3 c5 5. b3 Nc6 6. Bb2 Bd6 7.
Nbd2 O-O 8. O-O Qe7 9. Ne5 Bxe5 10. dxe5 Ne8 11. Qh5 g6 12. Qh6 Ng7 13. Nf3 Ne8 14. Ng5 f6 15. exf6 Nxf6 16. e4 dxe4 17. Nxe4 Nxe4 18.
Bxe4 e5 19. Rae1 Bd7 20. Bd5+ Be6 21. Bxc6 bxc6 22. Rxe5 Rf7 23. Qe3 Raf8 1-0

[Event "*** Titled Tuesday Blitz"]
[Site "Chess.com"]
[Date "2021.03.09"]
[Round "1"]
[White "arctic_t00"]
[Black "yoelpolanco"]
[Result "1-0"]
[WhiteElo "2528"]
[BlackElo "2197"]
[TimeControl "180+1"]
[EndTime "10:04:48 PST"]
[Termination "arctic_t00 won by checkmate"]

1. d4 Nf6 2. Nf3 d5 3. c4 e6 4.
Nc3 Be7 5. Bf4 O-O 6. e3 c5 7. dxc5 Bxc5 8. Qc2 Nc6 9. a3 Qa5 10. Rd1 Re8 11. Nd2 e5 12. Bg5 Nd4 13. Qb1 Bxa3 14.
Bxf6 gxf6 15. Nxd5 Bf5 16. Bd3 Bxd3 17. Qxd3 Bxb2 18.
Nxf6+ Kh8 19. Qxh7# 1-0

[Event "*** Titled Tuesday Blitz"]
[Site "Chess.com"]
[Date "2021.03.09"]
[Round "1"]
[White "digilik"]
[Black "andriipalchuk"]
[Result "0-1"]
[WhiteElo "2245"]
[BlackElo "2554"]
[TimeControl "180+1"]
[EndTime "10:04:50 PST"]
[Termination "andriipalchuk won by resignation"]

1. e4 c6 2. Nc3 d5 3. g3 dxe4 4. Nxe4 Nf6 5. Qe2 Nxe4 6. Qxe4 Nd7 7. Bg2 Nf6 8. Qe2 Bf5 9. d3 e6 10. h3 Bd6 11. Nf3 O-O 12. g4 Bg6 13. Ne5 Qc7 14. Nxg6 hxg6 15. Bg5 Nd5 16. h4 Bf4 17. c4 Qa5+ 18.
Kf1 Bxg5 19. hxg5 Nf4 20. Qe3 Qxg5 21. Kg1 Qxg4 22. Rh2 Rfd8 23. Kh1 Rxd3 24. Qe4 Rd1+ 0-1

[Event "*** Titled Tuesday Blitz"]
[Site "Chess.com"]
[Date "2021.03.09"]
[Round "1"]
[White "VitaliyBernadskiy"]
[Black "CM_rui"]
[Result "1-0"]
[WhiteElo "2737"]
[BlackElo "2401"]
[TimeControl "180+1"]
[EndTime "10:04:51 PST"]
[Termination "VitaliyBernadskiy won by resignation"]

1. d4 Nf6 2. c4 e6 3. Nc3 Bb4 4. Bd2 O-O 5. Nf3 d6 6. g3 Nbd7 7. Bg2 e5 8. O-O Qe7 9. a3 Bxc3 10. Bxc3 c6 11. Qc2 a5 12. b3 e4 13. Ng5 d5 14. f3 exf3 15. Nxf3 Re8 16. Ne5 Nxe5 17.
dxe5 Ng4 18. Bd4 c5 19. Bxd5 cxd4 20. Rxf7 Qxf7 21. Bxf7+ Kxf7 22. Qxh7 Rxe5 23. Rf1+ Nf6 24. Qh4 Rxe2 25. Qh5+ g6 26. Qxe2 Bh3 27. Rf4 Re8 28. Rxf6+ Kxf6 1-0

[Event "*** Titled Tuesday Blitz"]
[Site "Chess.com"]
[Date "2021.03.09"]
[Round "1"]
[White "Bastiandash"]
[Black "KuzubovYuriy"]
[Result "0-1"]
[WhiteElo "2469"]
[BlackElo "2929"]
[TimeControl "180+1"]
[EndTime "10:04:52 PST"]
[Termination "KuzubovYuriy won by resignation"]

1. d4 Nf6 2. Nf3 d5 3. Bg5 e6 4.
Nbd2 Nbd7 5. e3 b6 6. Bd3 Bb7 7.
O-O Be7 8. Ne5 Nxe5 9. dxe5 Nd7 10. Bxe7 Qxe7 11. f4 f5 12. exf6 gxf6 13. Qh5+ Qf7 14. Qxf7+ Kxf7 15. e4 Nc5 16. Rfe1 dxe4 17. Bxe4 Nxe4 18.
Nxe4 Rad8 19. Kf2 Rd4 20. Ng3 Rxf4+ 21. Kg1 Rd8 22. Re2 Ba6 23. Re3 Rd2 24. Ra3 Bb7 25. Rxa7 Rxg2+ 26. Kh1 Bd5 27. Rxc7+ Kg6 28. c4 Rxc4 29.
Rxc4 Rxg3+ 0-1

[Event "*** Titled Tuesday Blitz"]
[Site "Chess.com"]
[Date "2021.03.09"]
[Round "1"]
[White "albi1999"]
[Black "chessdiamant"]
[Result "1-0"]
[WhiteElo "2597"]
[BlackElo "2282"]
[TimeControl "180+1"]
[EndTime "10:04:55 PST"]
[Termination "albi1999 won by resignation"]

1. Nf3 c5 2. c4 Nc6 3. g3 g6 4.
Bg2 Bg7 5. O-O e5 6. Nc3 d6 7. a3 Be6 8. d3 Nge7 9. b4 O-O 10.
b5 Na5 11. Ng5 Bd7 12. Nge4 Nf5 13. Nd5 h6 14. Bd2 b6 15. Rb1 Nd4 16. Nxd6 Bxb5 17.
Nxb5 a6 18. Nxd4 exd4 19. Nxb6 Rb8 20. Bxa5 Qd6 21. Na4 Rxb1 22. Qxb1 Re8 23. Qb6 Qe7 24. Qxc5 Qe6 25. Qc6 Qxe2 26. Re1 Qxe1+ 27. Bxe1 Rxe1+ 28. Bf1 Be5 29. Kg2 h5 30. h4 1-0

[Event "*** Titled Tuesday Blitz"]
[Site "Chess.com"]
[Date "2021.03.09"]
[Round "1"]
[White "lachesisQ"]
[Black "Vsevolod_Ovchinnikov"]
[Result "1-0"]
[WhiteElo "3082"]
[BlackElo "2483"]
[TimeControl "180+1"]
[EndTime "10:04:56 PST"]
[Termination "lachesisQ won by resignation"]

1. d4 Nf6 2. c4 g6 3. Nc3 d5 4.
Nf3 Bg7 5. h3 O-O 6. cxd5 Nxd5 7. e4 Nxc3 8. bxc3 c5 9. Be3 Qa5 10.
Bd2 Rd8 11. Be2 e6 12. O-O Nc6 13. d5 exd5 14. c4 Qc7 15. cxd5 Nd4 16. Rc1 Nxe2+ 17.
Qxe2 b6 18. Bc3 Bxc3 19. Rxc3 Bb7 20. Re3 Rd7 21. Nh2 h5 22. g4 h4 23. f4 Re8 24. g5 Qc8 25. Ng4 Ba6 26. Nf6+ Kf8 27. Nxd7+ Ke7 28. Qb2 Kxd7 29. Rf2 Kc7 30. Qf6 Qd7 31.
Ra3 Kb7 32. Qc6+ 1-0

[Event "*** Titled Tuesday Blitz"]
[Site "Chess.com"]
[Date "2021.03.09"]
[Round "1"]
[White "andrewtnb"]
[Black "SirStrateg"]
[Result "0-1"]
[WhiteElo "2312"]
[BlackElo "2611"]
[TimeControl "180+1"]
[EndTime "10:04:56 PST"]
[Termination "SirStrateg won by resignation"]

1. d4 Nf6 2. c4 Nc6 3. Nf3 e6 4. a3 d6 5. Nc3 g6 6. e4 Bg7 7. Be2 O-O 8. O-O Re8 9. Be3 e5 10. d5 Nd4 11. Nxd4 exd4 12. Bxd4 Nxe4 13. Bxg7 Kxg7 14. Nxe4 Rxe4 15. Bd3 Rd4 16. Qc2 Qf6 17.
Rae1 Bd7 18. Re3 Re8 19. Rfe1 Rxe3 20. Rxe3 b6 21. h3 a5 22. a4 h5 23. b3 h4 24.
Qe2 Rf4 25. Re4 Rxe4 26. Qxe4 Qa1+ 27. Kh2 Qe5+ 28. f4 Qf6 29. Qe2 Qxf4+ 0-1

[Event "*** Titled Tuesday Blitz"]
[Site "Chess.com"]
[Date "2021.03.09"]
[Round "1"]
[White "Marcin"]
[Black "Trovita84"]
[Result "1-0"]
[WhiteElo "2501"]
[BlackElo "2068"]
[TimeControl "180+1"]
[EndTime "10:04:58 PST"]
[Termination "Marcin won by resignation"]

1. d4 d5 2. c4 e6 3. Nf3 Nf6 4. Nc3 Be7 5. Bf4 O-O 6. Rc1 c6 7. e3 Nbd7 8. h3 h6 9. Be2 Re8 10. O-O b6 11. cxd5 cxd5 12. Nb5 Ba6 13. Nc7 Bxe2 14.
Qxe2 Rc8 15. Nxe8 Qxe8 16. Qa6 Rxc1 17. Rxc1 1-0

[Event "*** Titled Tuesday Blitz"]
[Site "Chess.com"]
[Date "2021.03.09"]
[Round "1"]
[White "volkanyirik"]
[Black "chessdjw"]
[Result "0-1"]
[WhiteElo "2400"]
[BlackElo "2734"]
[TimeControl "180+1"]
[EndTime "10:05:00 PST"]
[Termination "chessdjw won by resignation"]

1. e4 e5 2. Nf3 Nc6 3. Nc3 Nf6 4. d4 exd4 5. Nxd4 Bb4 6. Nxc6 bxc6 7. Bd3 d5 8. exd5 O-O 9. O-O cxd5 10. Bg5 c6 11.
Qf3 Bd6 12. h3 Rb8 13. Rab1 Be5 14. Bf4 Re8 15. Bxe5 Rxe5 16. b3 Qe7 17. Ne2 Bd7 18. Ng3 g6 19. Rbd1 c5 20. Qf4 Re8 21. c3 Kg7 22. b4 Ba4 23. Rc1 c4 24. Bc2 Bxc2 25. Rxc2 h5 26. Qh4 Re1 27. Rc1 Rxf1+ 28. Rxf1 Qe5 29.
Rc1 g5 30. Nxh5+ Kg6 31. f4 Qe3+ 0-1

[Event "*** Titled Tuesday Blitz"]
[Site "Chess.com"]
[Date "2021.03.09"]
[Round "1"]
[White "GOGIEFF"]
[Black "Olga_Girya"]
[Result "1-0"]
[WhiteElo "2884"]
[BlackElo "2455"]
[TimeControl "180+1"]
[EndTime "10:05:02 PST"]
[Termination "GOGIEFF won by resignation"]

1. d4 Nf6 2. c4 e6 3. Nc3 d5 4. cxd5 exd5 5. Bg5 Bb4 6. e3 h6 7. Bh4 g5 8. Bg3 Ne4 9. Qb3 Nc6 10. Bb5 Bxc3+ 11. bxc3 h5 12. Ne2 h4 13. Be5 f6 14. f3 fxe5 15. fxe4 Be6 16. O-O a6 17.
Bxc6+ bxc6 18. dxe5 Qe7 19. Nd4 c5 20. Nxe6 Qxe6 21.
Qxd5 Qxd5 22. exd5 O-O-O 23. c4 1-0